cohdb
Replays
Latest Replays
All Replays
Popular Replays
Top Player Replays
Match Explorer
How It Works
Community
CoH3 Stats
Reddit
Sign in to upload your games and track your stats! →
Sign in with Steam
Match 47082263
Unlisted
Match 47082263
Overview
Messages
Build Orders
End
Construct Weapon Support Center
Selects Special Operations Battlegroup
Selects M29 Weasel Recon Vehicle
M29 Weasel Recon Vehicle
M1919 Machine Gun Team
M1919 Machine Gun Team
Bazooka Squad
Construct Barracks
Bazooka Squad
Air Support Center
M3 Armored Personnel Carrier
Grasshopper Recon Run
M3 Armored Personnel Carrier
Selects Raiding Flares
Riflemen Squad
P-47 Dive Bomb
P-47 Strafing Run
Riflemen Squad
Grasshopper Recon Run
Improved M9 Bazooka Rockets
Grenade Package
Selects SSF Commando Squad
M1918 Browning Automatic Rifles
Grasshopper Recon Run
M3 Armored Personnel Carrier
P-47 Strafing Run
P-47 Strafing Run
Grasshopper Recon Run
P-47 Dive Bomb
Engineer Squad
Selects P-47 Anti-Infantry Loiter
Selects UNKNOWN (2162291)
Raiding Flares
P-47 Anti-Infantry Loiter
P-47 Strafing Run
Grasshopper Recon Run
DarkShadow0o7
Grumpy
JERRY SMITH
Tatari◑。
frostie
sPriNg
0
0
Comments
sign in to comment!
No comments posted yet!